 Dungeon Crawl Stone Soup version 0.30-a0-719-gcc4359ea44 (webtiles) character file.

Game seed: 9938062997345712398

389 browni3141 the Ducker (level 6, 0/47 HPs)
             Began as a Mummy Cinder Acolyte on Jan 26, 2023.
             Was a Priest of Ignis.
             Slain by an orc wizard
             ... wielding a +0 dagger
              (2 damage)
             ... on level 3 of the Dungeon.
             The game lasted 00:04:06 (2187 turns).

browni3141 the Ducker (Mummy Cinder Acolyte)        Turns: 2187, Time: 00:04:06

Health: 0/47       AC:  6    Str: 19    XL:     6   Next: 49%
Magic:  0/8        EV: 12    Int: 14    God:    Ignis [***...]
Gold:   84         SH:  0    Dex:  7    Spells: 5/7 levels left

rFire   . . .      SeeInvis .    a - -1 spear (flame)
rCold   + . .      Faith    +    (no shield)
rNeg    + + +      Spirit   .    m - +2 robe {Will+}
rPois   ∞          Reflect  .    j - +0 helmet
rElec   .          Harm     .    (no cloak)
rCorr   .          Rampage  .    (no gloves)
Will    +....                    l - +0 pair of boots
Stlth   +                        (no amulet)
HPRegen 0.27/turn                (no ring)
MPRegen 0.11/turn                (no ring)

@: very slightly contaminated
A: cold resistance 1, negative energy resistance 3, torment resistance 2, heat
vulnerability 1, in touch with death 1, no potions, faith
a: Renounce Religion, Fiery Armour, Foxfire Swarm, Rising Flame


You were on level 3 of the Dungeon.
You worshipped Ignis.
Ignis was most pleased with you.
You visited 1 branch of the dungeon, and saw 3 of its levels.

You collected 84 gold pieces.

Inventory:

Hand Weapons
 a - a -1 spear of flaming (weapon)
 d - a +0 trident
Armour
 b - a +0 robe
 g - a +0 ring mail
 j - a +0 helmet (worn)
 l - a +0 pair of boots (worn)
 m - a +2 robe of willpower (worn)
Jewellery
 k - a +6 ring of strength
 o - a ring of wizardry
Scrolls
 c - a scroll of noise
 e - a scroll of enchant armour
 f - a scroll of teleportation {unknown}
 h - a scroll of immolation {unknown}
 i - a scroll of vulnerability {unknown}
 n - a scroll of acquirement {unknown}
 p - a scroll of magic mapping {unknown}


   Skills:
 - Level 3.0 Fighting
 * Level 3.5 Polearms
 * Level 4.6 Dodging
 - Level 1.0 Stealth
 - Level 1.3 Spellcasting
 - Level 2.4 Fire Magic


You had 5 spell levels left.
You knew the following spells:

 Your Spells              Type           Power      Damage    Failure   Level
a - Scorch                Fire           14%        2d6       14%         2

Your spell library contained the following spells:

 Spells                   Type           Power      Damage    Failure   Level
 Alistair's Intoxication  Tmut/Pois      0%         N/A       100%        5
 Borgnjor's Vile Clutch   Necr/Erth      0%         N/A       100%        5
 Eringya's Noxious Bog    Tmut/Pois      0%         N/A       100%        6


Dungeon Overview and Level Annotations

Branches:
Dungeon (3/15)

Altars:

Shops:
D:2 (

Annotations:
D:2 1 runed translucent door, Crazy Yiuf


Innate Abilities, Weirdness & Mutations

You are immune to poison.
Your flesh is cold resistant. (rC+)
You are immune to negative energy. (rN+++)
You are immune to unholy pain and torment.
You are vulnerable to heat. (rF-)
You are in touch with the powers of death.
You do not drink.
You have a special connection with the divine. (Faith)


Message History

You closely miss something. Something hits you but does no damage.
You miss something. Something hits you but does no damage.
You hit something. You burn something. Something hits you but does no damage.
You miss something. Something hits you.
You barely miss something. Something hits you.
You miss something. Something hits you.
You barely miss something.
You hear some strange, mumbled words.
A magic dart appears from out of thin air!
The magic dart hits you!
You barely miss something. Something barely misses you.
You miss something. Something hits you but does no damage.
You barely miss something. Something hits you.
You barely miss something. Something hits you.
* * * LOW HITPOINT WARNING * * *
You miss something. You hit something but do no damage. Something hits you.
* * * LOW HITPOINT WARNING * * *
You barely miss something. Something hits you.
* * * LOW HITPOINT WARNING * * *
Casting: Scorch (safe; 14% risk of failure)
Confirm with . or Enter, or press ? or * to list all spells.
Flames lash something.
You hear some strange, mumbled words.
A puff of flame appears from out of thin air!
The puff of flame hits you!
* * * LOW HITPOINT WARNING * * *
Casting: Scorch (safe; 14% risk of failure)
Confirm with . or Enter, or press ? or * to list all spells.
You miscast Scorch.
You are very lightly contaminated with residual magic.
Nothing appears to happen.
Something hits you but does no damage.
Casting: Scorch (safe; 14% risk of failure)
Confirm with . or Enter, or press ? or * to list all spells.
Flames lash something.
Something hits you.
* * * LOW HITPOINT WARNING * * *
Casting: Scorch (safe; 14% risk of failure)
Confirm with . or Enter, or press ? or * to list all spells.
You miscast Scorch.
Nothing appears to happen.
Something hits you.
You die...

##.#####.#####
##............###.
####......##.........
..........###.##.####
######.#.## #.##.#
#.#.####.##.#
#)#......##.#####
##'######.†{.....#
#...# #.#)@....#
#.....# #.#..###.#
#.......# .......
##..........#######..
.+..........# .#
##..........# #
##.......#.#
##....<##.#


There were no monsters in sight!

Vanquished Creatures
  Sigmund (D:2)
  A necrophage (D:3)
  An orc priest (D:2)
  Robin (D:2)
  5 adders
  2 dart slugs
  6 orcs
  4 bats
  2 endoplasms (D:1)
  5 giant cockroaches
  5 hobgoblins
  4 kobolds
  A quokka (D:2)
  5 ball pythons
  3 frilled lizards
  19 goblins
  3 rats
68 creatures vanquished.

Vanquished Creatures (others)
  17 foxfires
17 creatures vanquished.

Grand Total: 85 creatures vanquished

Notes
Turn   | Place    | Note
-------+----------+-------------------------------------------
     0 | D:1      | browni3141 the Mummy Cinder Acolyte began the quest for the
                  | Orb.
     0 | D:1      | Reached XP level 1. HP: 18/18 MP: 2/2
    58 | D:1      | Reached skill level 1 in Stealth
   212 | D:1      | Reached XP level 2. HP: 24/24 MP: 4/4
   242 | D:1      | Reached skill level 1 in Dodging
   905 | D:1      | Learned a level 2 spell: Scorch
   925 | D:1      | Reached skill level 2 in Dodging
   925 | D:1      | Gained mutation: You are in touch with the powers of death.
                  | [Mummy growth]
   925 | D:1      | Reached XP level 3. HP: 17/29 MP: 5/5
   983 | D:2      | Found Lubri's Weapon Shop.
   991 | D:2      | Found a faded altar of an unknown god.
  1132 | D:2      | Noticed Robin
  1140 | D:2      | Reached XP level 4. HP: 29/35 MP: 6/6
  1151 | D:2      | Killed Robin
  1152 | D:2      | Reached skill level 3 in Dodging
  1230 | D:2      | Found a runed translucent door.
  1231 | D:2      | Noticed Crazy Yiuf
  1351 | D:2      | Reached XP level 5. HP: 26/41 MP: 7/7
  1510 | D:2      | Noticed Sigmund
  1524 | D:2      | Killed Sigmund
  1525 | D:2      | Reached skill level 4 in Dodging
  1525 | D:2      | Reached XP level 6. HP: 27/47 MP: 8/8
  2186 | D:3      | HP: 2/47 [something (2)]
  2187 | D:3      | Slain by an orc wizard

Illustrated notes

Levels and vault maps discovered:
D:1:      zelgadis_glass_arrival_small, layout_loops_ring, st_stairs_2
D:2:      layout_loops_cross, dreamdust_ecumenical_altar_statues, serial_shops,
          nicolae_shop_bloodbath_and_beyond, minmay_pentomino_o2, uniq_robin,
          uniq_crazy_yiuf_cottage, uniq_sigmund
D:3:      layout_loops_corners, ashenzari_conservatory_becter

Skill      XL: |  1  2  3  4  5 |
---------------+----------------+-----
Stealth        | 1 |  1.0
Dodging        | 2 3 4 |  4.6
Polearms       | 3 |  3.5
Fighting       | |  3.0
Spellcasting   | |  1.3
Fire Magic     | |  2.4

Action                     |  1- 3 |  4- 6 || total
---------------------------+-------+-------++-------
  Melee: Spear             |   110 |   150 ||   260
   Cast: Scorch            |       |     2 ||     2
 Invoke: Foxfire Swarm     |     1 |     1 ||     2
         Fiery Armour      |     1 |     2 ||     3
    Use: Scroll            |       |     2 ||     2
   Stab: Sleeping          |     1 |       ||     1
 Armour: Robe              |     8 |    32 ||    40
         Ring mail         |    17 |    20 ||    37
  Dodge: Dodged            |    53 |    55 ||   108

Table legend: (Time is in decaauts)
 A = Elapsed time spent in this place.
 B = Non-inter-level travel time spent in this place.
 C = Inter-level travel time spent in this place.
 D = Time resting spent in this place.
 E = Time spent auto-exploring this place.
 F = Levels seen in this place.
 G = Mean time per level.
                   A        B        C        D        E       F      G
               +--------+--------+--------+--------+--------+-----+--------+
         Total |   2176 |   2058 |    118 |     42 |   1525 |   3 |  725.3 |
       Dungeon |   2176 |   2058 |    118 |     42 |   1525 |   3 |  725.3 |
               +--------+--------+--------+--------+--------+-----+--------+

Top non-repeatable levels by time:
     D:1: 973 daAuts
     D:2: 968 daAuts
     D:3: 234 daAuts
